[Event "December 19 Early 2023"]
[Site "https://www.chess.com"]
[Date "2023.12.19"]
[Round "3"]
[White "Kostiukov, Alexandr"]
[Black "Bogumil, Tatiana"]
[Result "1-0"]
[Board "245"]
[TimeControl "180+1"]
[WhiteFideId "14108100"]
[BlackFideId "4110579"]
[WhiteElo "2112"]
[BlackElo "1853"]
[WhiteTeam "UKR"]
[BlackTeam "RUS"]
[WhiteClock "0:00:34"]
[BlackClock "0:00:00"]

1. g3 Nf6 2. Bg2 g6 3. c4 Bg7 4. Nf3 O-O 5. O-O c5 6. d4 Na6 7. Nc3 d6 8. dxc5 Nxc5 9. Nd4 Rb8 10. b3 a6 11. Bb2 Re8 12. Qd2 Bd7 13. Rfd1 Qc8 14. Rac1 Bh3 15. Bh1 Bf5 16. Nxf5 Qxf5 17. f3 b5 18. e4 Qh5 19. Nd5 bxc4 20. Nxf6+ Bxf6 21. Bxf6 exf6 22. Rxc4 Ne6 23. Qd5 Qxd5 24. Rxd5 Rb6 25. Bg2 Reb8 26. f4 Kf8 27. Kf2 Ke7 28. Ke3 R8b7 29. Bf3 h5 30. h4 Nc5 31. Kd4 Ne6+ 32. Kc3 Ra7 33. Ra5 1-0

[Event "December 19 Early 2023"]
[Site "https://www.chess.com"]
[Date "2023.12.19"]
[Round "3"]
[White "Olcayoz, Gizem"]
[Black "Igel2023"]
[Result "1-0"]
[Board "246"]
[TimeControl "180+1"]
[WhiteFideId "6301444"]
[WhiteElo "1856"]
[BlackElo "2330"]
[WhiteTeam "TUR"]
[WhiteClock "0:00:33"]
[BlackClock "0:00:00"]

1. e4 e6 2. d4 d5 3. Nc3 dxe4 4. Nxe4 Nd7 5. Bd3 Ngf6 6. Qe2 Be7 7. Nf3 O-O 8. Ng3 c5 9. c3 a6 10. O-O b5 11. Rd1 Qc7 12. dxc5 Nxc5 13. Bc2 Bb7 14. Be3 Nd5 15. Bd4 Nf4 16. Qe3 f6 17. Qe1 e5 18. Be3 Bxf3 19. gxf3 Nce6 20. Nf5 Rfd8 21. Nxe7+ Qxe7 22. Bb3 Kh8 23. Qf1 Qe8 24. Re1 Qg6+ 25. Kh1 Qh5 26. Bd1 Rxd1 27. Bxf4 Qxf3+ 28. Qg2 1-0

[Event "December 19 Early 2023"]
[Site "https://www.chess.com"]
[Date "2023.12.19"]
[Round "3"]
[White "Koridze, Lile"]
[Black "Bushonica"]
[Result "1-0"]
[Board "247"]
[TimeControl "180+1"]
[WhiteFideId "13612514"]
[WhiteElo "2061"]
[BlackElo "1932"]
[WhiteTeam "GEO"]
[WhiteClock "0:01:59"]
[BlackClock "0:01:34"]

1. d4 d5 2. c4 e6 3. Nf3 c5 4. cxd5 exd5 5. g3 Nc6 6. Bg2 Nf6 7. O-O c4 8. Nc3 Be7 9. Re1 Bf5 10. Ne5 Rc8 11. Qa4 Qb6 12. Nxd5 Nxd5 13. Bxd5 Qxd4 14. Nxc6 bxc6 15. Bxc6+ Bd7 16. Bxd7+ Qxd7 17. Qxd7+ Kxd7 18. Be3 Rc7 19. Red1+ Kc6 20. Rac1 Rb8 21. Rxc4+ Kb7 22. Rxc7+ Kxc7 23. Bf4+ 1-0

[Event "December 19 Early 2023"]
[Site "https://www.chess.com"]
[Date "2023.12.19"]
[Round "3"]
[White "SulfatoFerroso"]
[Black "Filippova, Margarita"]
[Result "0-1"]
[Board "248"]
[TimeControl "180+1"]
[BlackFideId "34199680"]
[WhiteElo "1914"]
[BlackElo "1916"]
[BlackTeam "RUS"]
[WhiteClock "0:00:00"]
[BlackClock "0:01:20"]

1. e4 e5 2. Bc4 Nf6 3. d3 Nc6 4. Nc3 Bb4 5. f4 d5 6. exd5 Nxd5 7. Bxd5 Qxd5 8. Qf3 Qxf3 9. Nxf3 O-O 10. Nxe5 Nxe5 11. fxe5 Re8 12. O-O Bxc3 13. bxc3 Rxe5 14. Bf4 Re7 15. Rae1 Be6 16. Re4 Rae8 17. Rfe1 c6 18. d4 Rc8 19. a4 Rd7 20. a5 g6 21. Rb1 Rd5 22. Rxb7 Rxa5 23. Re1 h5 24. Reb1 Ra2 25. R1b2 Ra3 26. Bd2 Kg7 27. Kf2 c5 0-1

[Event "December 19 Early 2023"]
[Site "https://www.chess.com"]
[Date "2023.12.19"]
[Round "3"]
[White "Ruge, Edison"]
[Black "Vargas, Mauricio"]
[Result "1-0"]
[Board "249"]
[TimeControl "180+1"]
[WhiteFideId "4401000"]
[BlackFideId "4404572"]
[WhiteElo "2175"]
[BlackElo "1982"]
[WhiteTeam "COL"]
[BlackTeam "COL"]
[WhiteClock "0:00:46"]
[BlackClock "0:00:00"]

1. e4 d5 2. d3 e6 3. Nc3 Bc5 4. Be2 dxe4 5. dxe4 Qh4 6. g3 Qe7 7. Bf3 e5 8. Bg2 c6 9. h3 Nf6 10. Nf3 O-O 11. Qe2 Be6 12. O-O b5 13. b3 Nbd7 14. Rd1 Rad8 15. Bb2 Nh5 16. Kh2 f5 17. exf5 Bxf5 18. Ne4 Bb6 19. Rxd7 Rxd7 20. Nxe5 Bxe4 21. Qxe4 Bxf2 22. Nxd7 Bxg3+ 23. Kh1 Qxd7 24. Qxc6 Qd2 25. Qd5+ Kh8 26. Qxd2 1-0

[Event "December 19 Early 2023"]
[Site "https://www.chess.com"]
[Date "2023.12.19"]
[Round "4"]
[White "Shevchenko, Kirill"]
[Black "Carlsen, Magnus"]
[Result "0-1"]
[Board "1"]
[TimeControl "180+1"]
[WhiteFideId "14129574"]
[BlackFideId "1503014"]
[WhiteElo "2603"]
[BlackElo "2887"]
[WhiteTeam "ROU"]
[BlackTeam "NOR"]
[WhiteClock "0:00:00"]
[BlackClock "0:00:21"]

1. d4 a6 2. h3 Nf6 3. Nf3 e6 4. Bf4 b6 5. e3 Bb7 6. Nbd2 Bd6 7. Bxd6 cxd6 8. Bd3 d5 9. Qe2 O-O 10. e4 dxe4 11. Nxe4 d6 12. h4 Nxe4 13. Bxe4 Bxe4 14. Qxe4 Nd7 15. h5 Nf6 16. Qd3 h6 17. O-O-O Qd7 18. Rdg1 Qb5 19. Qd2 Rac8 20. g4 Qd5 21. Qd3 Qxa2 22. g5 hxg5 23. h6 g6 24. Rxg5 Kh8 25. Rhg1 Qc4 26. Kd2 d5 27. Ne5 Qxd3+ 28. cxd3 Kh7 29. R5g3 Ng8 30. Rf3 Nxh6 31. Nd7 Rfd8 32. Nf6+ Kg7 33. Nh5+ Kf8 34. Rxg6 Nf5 35. Rg5 Nxd4 36. Rf4 Nf5 37. Ng3 Nxg3 38. fxg3 Ke7 39. Rg7 Rf8 40. Rh7 Rc7 41. Rb4 b5 42. Rh1 Rg8 43. g4 a5 44. Rf4 a4 45. Rhf1 Kd6 46. Rb4 Rb7 47. Kc3 Rc8+ 48. Kd2 Rh8 49. Rff4 Rh2+ 50. Ke3 e5 51. Rf6+ Kc5 0-1

[Event "December 19 Early 2023"]
[Site "https://www.chess.com"]
[Date "2023.12.19"]
[Round "4"]
[White "Nakamura, Hikaru"]
[Black "Chigaev, Maksim"]
[Result "1/2-1/2"]
[Board "2"]
[TimeControl "180+1"]
[WhiteFideId "2016192"]
[BlackFideId "4108116"]
[WhiteElo "2874"]
[BlackElo "2561"]
[WhiteTeam "USA"]
[BlackTeam "ESP"]
[WhiteClock "0:00:04"]
[BlackClock "0:00:37"]

1. Nf3 Nf6 2. b3 d5 3. g3 g6 4. Bb2 c5 5. e3 h5 6. Bg2 Nc6 7. d4 cxd4 8. Nxd4 h4 9. Nxc6 bxc6 10. c4 Bg4 11. Qc2 h3 12. Bf1 Bg7 13. Be2 Bf5 14. Bd3 Bxd3 15. Qxd3 O-O 16. Nd2 Re8 17. Be5 Qa5 18. Qc3 Qxc3 19. Bxc3 e5 20. cxd5 cxd5 21. Ke2 d4 22. Bb2 dxe3 23. Kxe3 Nd5+ 24. Ke2 Nf4+ 25. gxf4 exf4+ 26. Kf3 Bxb2 27. Rad1 Rad8 28. Nc4 Bd4 29. Rd2 Bc5 30. Rhd1 Rxd2 31. Rxd2 Kg7 32. Kxf4 Re1 33. Kg3 Rg1+ 34. Kxh3 g5 35. f3 f5 36. Rg2 Rf1 37. Nd2 Rd1 38. Rxg5+ Kf6 39. Rg2 Be3 40. Nc4 Bf4 41. Rc2 Rg1 42. Nb2 Rg7 43. Rf2 Rh7+ 44. Kg2 Rxh2+ 45. Kg1 Rh3 46. Nc4 Kg5 47. Rg2+ Bg3 48. Kf1 Kf4 49. Ke2 Rh1 50. Nd2 Re1+ 51. Kd3 Re3+ 52. Kc2 Be1 53. Nc4 Rxf3 54. Rg7 Bf2 55. Rf7 Bc5 56. a3 Rf2+ 57. Kd1 Bd4 58. Rd7 Ke4 59. Ke1 Rh2 60. Nd2+ Kd3 61. Rxd4+ Kxd4 62. Nf3+ Kc3 63. Nxh2 Kxb3 64. Kd2 Kxa3 65. Kc3 Ka4 66. Nf3 Kb5 67. Nd4+ Kc5 68. Nxf5 a5 69. Kb2 a4 70. Ka1 a3 71. Ng3 a2 72. Ne2 Kb4 73. Ng1 Kc5 74. Nh3 Kb4 75. Ng5 Kc4 76. Nh7 Kb4 77. Nf8 Kc4 78. Nd7 Kb4 79. Ne5 Kb5 80. Ng6 Kb4 81. Nh4 Kb5 82. Ng2 Kb4 83. Ne1 Kb5 84. Nd3 Kc4 85. Nc1 Kd5 86. Ne2 Ke6 87. Ng1 Kf7 88. Nh3 Kg8 89. Ng5 Kf8 90. Ne6+ Ke7 91. Nc5 Kd6 92. Nb7+ Kd5 93. Na5 Ke6 94. Nb3 Kf5 95. Nd2 Ke5 96. Nf1 Kf4 97. Nd2 Kg5 98. Ne4+ Kf4 99. Nd6 Kf3 100. Nb7 Kf4 101. Nd8 Ke5 102. Nf7+ Kf4 103. Nd6 Kg5 104. Nb5 Kf4 105. Na3 Kg4 106. Nc2 Kf5 107. Nb4 Kg4 108. Na6 Kh3 109. Nb8 Kg4 110. Nd7 Kf5 111. Nf8 Kf4 112. Nh7 Ke5 113. Ng5 Kd5 114. Nf3 Kc5 115. Ne1 Kd5 116. Ng2 Kd6 117. Nh4 Ke5 118. Ng6+ Kd4 119. Ne7 Kc3 120. Nc6 Kb3 121. Na7 Kc3 1/2-1/2

[Event "December 19 Early 2023"]
[Site "https://www.chess.com"]
[Date "2023.12.19"]
[Round "4"]
[White "Rasulov, Vugar"]
[Black "Vachier-Lagrave, Maxime"]
[Result "1-0"]
[Board "3"]
[TimeControl "180+1"]
[WhiteFideId "13402390"]
[BlackFideId "623539"]
[WhiteElo "2517"]
[BlackElo "2748"]
[WhiteTeam "AZE"]
[BlackTeam "FRA"]
[WhiteClock "0:02:22"]
[BlackClock "0:02:21"]

1. e4 c6 2. d4 d5 3. e5 Bf5 4. Nf3 e6 5. Nbd2 Ne7 6. Nb3 h6 7. Be2 Nd7 8. O-O g5 9. Ne1 Bg7 10. Bd3 c5 11. Nxc5 Nxc5 12. dxc5 Bxe5 13. c3 Qc7 14. Nf3 Bg4 15. Qa4+ 1-0

[Event "December 19 Early 2023"]
[Site "https://www.chess.com"]
[Date "2023.12.19"]
[Round "4"]
[White "Naroditsky, Daniel"]
[Black "Steinberg, Nitzan"]
[Result "1/2-1/2"]
[Board "4"]
[TimeControl "180+1"]
[WhiteFideId "2026961"]
[BlackFideId "2801795"]
[WhiteElo "2639"]
[BlackElo "2486"]
[WhiteTeam "USA"]
[BlackTeam "ISR"]
[WhiteClock "0:00:16"]
[BlackClock "0:00:48"]

1. e4 c5 2. Nf3 d6 3. Bb5+ Bd7 4. c4 g6 5. Nc3 Bg7 6. d4 cxd4 7. Nxd4 Nf6 8. Bxd7+ Qxd7 9. f3 O-O 10. Be3 Nc6 11. O-O a6 12. a4 e6 13. Nxc6 Qxc6 14. Qd3 Rfd8 15. Rac1 Rac8 16. b3 Nd7 17. Rfd1 Nc5 18. Qc2 Qb6 19. Rb1 Qc6 20. a5 h5 21. Bd4 Qc7 22. Bxg7 Kxg7 23. Qb2 Kg8 24. Rd2 Nd7 25. Qa3 Ne5 26. Rbd1 Nc6 27. Ra1 Rd7 28. h3 h4 29. Rdd1 Rcd8 30. Rd2 Ne7 31. Rad1 Nc6 32. Ra1 Ne7 33. Rad1 Nc6 34. Ra1 1/2-1/2

[Event "December 19 Early 2023"]
[Site "https://www.chess.com"]
[Date "2023.12.19"]
[Round "4"]
[White "Zakhartsov, Vladimir"]
[Black "Niemann, Hans Moke"]
[Result "0-1"]
[Board "5"]
[TimeControl "180+1"]
[WhiteFideId "4145097"]
[BlackFideId "2093596"]
[WhiteElo "2448"]
[BlackElo "2614"]
[WhiteTeam "RUS"]
[BlackTeam "USA"]
[WhiteClock "0:00:00"]
[BlackClock "0:00:32"]

1. d4 Nf6 2. c4 e6 3. Nf3 b6 4. a3 Ba6 5. Qc2 Bb7 6. Nc3 c5 7. d5 exd5 8. cxd5 Nxd5 9. Nxd5 Bxd5 10. e4 Be6 11. Bf4 Nc6 12. Rd1 Be7 13. Bb5 Qc8 14. O-O O-O 15. h3 h6 16. e5 Rd8 17. Qe4 Bf8 18. Bc1 Ne7 19. Nh4 c4 20. Ba4 g6 21. f4 b5 22. Bc2 Qc6 23. Qe2 Bg7 24. Be4 Bd5 25. Rxd5 Nxd5 26. Qf3 Qc5+ 27. Kh1 Nb6 28. Be3 Qe7 29. Nxg6 fxg6 30. Bxb6 axb6 31. Bxa8 Kh8 32. Be4 g5 33. g3 Rf8 34. Qe2 gxf4 35. gxf4 Qh4 36. Qh2 Bxe5 37. Qg2 Rg8 38. Qh2 Bxf4 39. Rxf4 Qe1+ 0-1

[Event "December 19 Early 2023"]
[Site "https://www.chess.com"]
[Date "2023.12.19"]
[Round "4"]
[White "So, Wesley"]
[Black "Mitrabha, Guha"]
[Result "0-1"]
[Board "6"]
[TimeControl "180+1"]
[WhiteFideId "5202213"]
[BlackFideId "5057000"]
[WhiteElo "2767"]
[BlackElo "2512"]
[WhiteTeam "USA"]
[BlackTeam "IND"]
[WhiteClock "0:00:04"]
[BlackClock "0:00:07"]

1. Nf3 Nf6 2. g3 b6 3. Bg2 Bb7 4. O-O c5 5. c4 g6 6. d4 cxd4 7. Qxd4 Bg7 8. Nc3 O-O 9. Qh4 d6 10. Bh6 Nbd7 11. b3 Rc8 12. Rad1 Rc5 13. Bxg7 Kxg7 14. g4 h6 15. Qg3 Qa8 16. h4 Ne4 17. Nxe4 Bxe4 18. Rd4 Bb7 19. g5 hxg5 20. hxg5 Rh8 21. Rh4 Rxh4 22. Nxh4 Bxg2 23. Nxg2 Qe4 24. e3 Qc2 25. Nf4 Qf5 26. Nh3 a6 27. Kg2 b5 28. cxb5 axb5 29. Qf3 Qc2 30. Rh1 Rf5 31. Qa8 d5 32. Qa7 Qe4+ 33. Kh2 Ne5 34. Qd4 Qxd4 35. exd4 Nf3+ 36. Kg3 Nxd4 37. Rd1 e5 38. Kg2 b4 39. f4 Ne2 40. Rxd5 Nc3 41. Ra5 e4 42. Rxf5 gxf5 43. Nf2 Nxa2 44. Nd1 Nc1 45. Ne3 Kg6 46. Nd5 Nd3 47. Kg3 Kh5 48. Ne3 Nc1 49. Nd5 Nxb3 50. Nxb4 Nd4 51. Nd5 Ne2+ 52. Kf2 Nc1 53. Kg3 Ne2+ 54. Kf2 Nd4 55. Kg3 Kg6 56. Ne7+ Kg7 57. Nd5 Kf8 58. Kf2 Ne6 59. Ke3 Ke8 60. Kf2 Kd7 61. Kg3 Kd6 62. Ne3 Nd4 63. Kh4 Ke6 64. Kg3 Ne2+ 0-1

[Event "December 19 Early 2023"]
[Site "https://www.chess.com"]
[Date "2023.12.19"]
[Round "4"]
[White "Bluebaum, Matthias"]
[Black "Livaic, Leon"]
[Result "1-0"]
[Board "7"]
[TimeControl "180+1"]
[WhiteFideId "24651516"]
[BlackFideId "14531534"]
[WhiteElo "2621"]
[BlackElo "2541"]
[WhiteTeam "GER"]
[BlackTeam "CRO"]
[WhiteClock "0:02:09"]
[BlackClock "0:00:48"]

1. d4 Nf6 2. c4 e6 3. Nc3 d5 4. cxd5 exd5 5. Bg5 Be7 6. e3 O-O 7. Bd3 Re8 8. Nf3 h6 9. Bf4 c6 10. h3 Bd6 11. Ne5 Qe7 12. Bg3 a6 13. O-O c5 14. f4 Nc6 15. Bh4 cxd4 16. Nxd5 Qd8 17. Nxf6+ gxf6 18. Qh5 Qc7 19. Qxh6 1-0

[Event "December 19 Early 2023"]
[Site "https://www.chess.com"]
[Date "2023.12.19"]
[Round "4"]
[White "Popov, Konstantin"]
[Black "Pranav, V"]
[Result "1-0"]
[Board "8"]
[TimeControl "180+1"]
[WhiteFideId "34137910"]
[BlackFideId "25060783"]
[WhiteElo "2340"]
[BlackElo "2562"]
[WhiteTeam "FID"]
[BlackTeam "IND"]
[WhiteClock "0:00:05"]
[BlackClock "0:00:07"]

1. e4 e5 2. Nf3 Nc6 3. Bb5 a6 4. Ba4 Nf6 5. O-O Be7 6. d3 b5 7. Bb3 O-O 8. a4 Bb7 9. Re1 d6 10. h3 Na5 11. Ba2 c5 12. Nc3 b4 13. Ne2 Bc6 14. Ng3 Bd7 15. c3 Rb8 16. Bd2 b3 17. Bb1 Re8 18. Nf5 Bxf5 19. exf5 Bf8 20. c4 Nc6 21. Ra3 Qb6 22. a5 Qb7 23. Bc3 d5 24. Nxe5 d4 25. Nxc6 Qxc6 26. Rxe8 Nxe8 27. Bd2 Qb7 28. Qg4 Bd6 29. Qe4 Qd7 30. g4 Nf6 31. Qf3 h6 32. Kg2 Qc7 33. h4 Nd7 34. g5 Ne5 35. Qe4 h5 36. f3 Qd7 37. Bf4 Nc6 38. Qd5 Rd8 39. Bxd6 Qb7 40. Qxc5 Re8 41. Kf2 g6 42. fxg6 fxg6 43. Qd5+ Kh7 44. c5 Qd7 45. Rxb3 Nd8 46. Rb8 Qh3 47. Rb7+ Nxb7 48. Qf7+ Kh8 49. Qxe8+ Kg7 50. Be5+ Kh7 51. Qf7# 1-0

[Event "December 19 Early 2023"]
[Site "https://www.chess.com"]
[Date "2023.12.19"]
[Round "4"]
[White "Maksimovic, Bojan"]
[Black "Mamedyarov, Shakhriyar"]
[Result "1-0"]
[Board "9"]
[TimeControl "180+1"]
[WhiteFideId "14408120"]
[BlackFideId "13401319"]
[WhiteElo "2527"]
[BlackElo "2716"]
[WhiteTeam "BIH"]
[BlackTeam "AZE"]
[WhiteClock "0:00:08"]
[BlackClock "0:00:00"]

1. Nf3 d5 2. g3 g6 3. Bg2 Bg7 4. c4 dxc4 5. Na3 Be6 6. Qc2 Nc6 7. Nxc4 Nf6 8. d3 O-O 9. O-O a5 10. a3 a4 11. Bd2 Qc8 12. Rfe1 Rd8 13. Rac1 Bh3 14. Bh1 Bg4 15. Bc3 Be6 16. Nce5 Nxe5 17. Bxe5 c6 18. Ng5 Bd5 19. Nf3 h6 20. Qc3 Qh3 21. Bg2 Qh5 22. e4 Be6 23. d4 Bh3 24. Bxf6 exf6 25. Bxh3 Qxh3 26. e5 fxe5 27. dxe5 Rd5 28. Qc4 Qe6 29. Qf4 g5 30. Qc4 Rad8 31. Qxa4 g4 32. Nh4 Rxe5 33. Rxe5 Bxe5 34. Re1 h5 35. Qe4 Rd5 36. Nf5 Qf6 37. Re2 Kh8 38. Kg2 b5 39. b4 Bc3 40. Ne3 Re5 41. Qd3 Re6 42. Kg1 Bd4 43. Ng2 Rxe2 44. Qxe2 Qe5 45. Qc2 Qd5 46. Nf4 Qf3 47. Nxh5 Qxa3 48. Nf4 Qf3 49. Nd3 Qe4 50. Qd2 Kg7 51. Nf4 Be5 52. Nd3 Qd4 53. Qe2 Bf6 54. Nf4 Qa1+ 55. Kg2 Qd4 56. Qxg4+ Kf8 57. Qc8+ Kg7 58. Qxc6 Be5 59. Nh5+ Kh7 60. Qf3 Kg6 61. Nf4+ Bxf4 62. Qxf4 Qd5+ 63. Qf3 Qc4 64. Qf4 Qd5+ 65. Kh3 f5 66. f3 Qc4 67. Kh4 Qd5 68. Qg5+ Kf7 69. Qh5+ Kf6 70. Qg5+ Kf7 71. g4 Qd4 72. Qxf5+ Kg7 73. Kg5 Qxb4 74. Qd7+ Kg8 75. f4 Qc4 76. f5 Qf7 77. Qxb5 Qg7+ 78. Kf4 Qd4+ 79. Kf3 Qd1+ 80. Kf4 Qh1 81. Qe8+ Kh7 82. Qg6+ Kh8 83. Qh6+ Kg8 84. Qg6+ Kh8 85. Qf6+ Kg8 86. Kg5 Qxh2 87. Qd8+ Kh7 88. Qe7+ Kg8 89. Kg6 1-0

[Event "December 19 Early 2023"]
[Site "https://www.chess.com"]
[Date "2023.12.19"]
[Round "4"]
[White "Kravtsiv, Martyn"]
[Black "Suleymanli, Aydin"]
[Result "1/2-1/2"]
[Board "10"]
[TimeControl "180+1"]
[WhiteFideId "14113147"]
[BlackFideId "13413937"]
[WhiteElo "2689"]
[BlackElo "2553"]
[WhiteTeam "UKR"]
[BlackTeam "AZE"]
[WhiteClock "0:00:17"]
[BlackClock "0:00:17"]

1. e4 e5 2. Nf3 Nc6 3. Nc3 Nf6 4. a4 Bb4 5. Bd3 O-O 6. O-O d6 7. Nd5 Nxd5 8. exd5 Ne7 9. c3 Nxd5 10. cxb4 Nxb4 11. Bb1 c5 12. b3 a5 13. Bb2 Be6 14. Re1 Re8 15. h3 Ra6 16. Bc3 Rb6 17. d4 cxd4 18. Nxd4 exd4 19. Qxd4 f6 20. Qh4 h6 21. Qe4 Kf8 22. Qd4 Nc6 23. Qd2 d5 24. Bg6 Bf7 25. Bxf7 Rxe1+ 26. Rxe1 Kxf7 27. Bxa5 Nxa5 28. Qxa5 d4 29. Qh5+ Kf8 30. Qc5+ Kf7 31. Qc4+ Kf8 32. Rd1 Rd6 33. Qb4 Qb6 34. Qxb6 Rxb6 35. Rxd4 Rxb3 36. Rd7 Rb4 37. a5 Rb5 38. Rc7 Rxa5 39. Rxb7 Re5 40. g3 1/2-1/2

[Event "December 19 Early 2023"]
[Site "https://www.chess.com"]
[Date "2023.12.19"]
[Round "4"]
[White "Keymer, Vincent"]
[Black "Beerdsen, Thomas"]
[Result "1-0"]
[Board "11"]
[TimeControl "180+1"]
[WhiteFideId "12940690"]
[BlackFideId "1030108"]
[WhiteElo "2629"]
[BlackElo "2550"]
[WhiteTeam "GER"]
[BlackTeam "NED"]
[WhiteClock "0:00:20"]
[BlackClock "0:00:18"]

1. d4 Nf6 2. c4 a6 3. Nc3 b5 4. Nf3 b4 5. Nd5 e6 6. Nxf6+ Qxf6 7. e4 Bb7 8. Bd3 d6 9. h3 Nd7 10. O-O e5 11. Be3 Be7 12. a3 bxa3 13. Rxa3 h6 14. d5 O-O 15. b4 Rfb8 16. Qc2 Bc8 17. Rb1 Nf8 18. Kh2 Ng6 19. Bf1 Nf4 20. Nd2 g5 21. c5 h5 22. Nc4 g4 23. cxd6 cxd6 24. Nb6 Rxb6 25. Bxb6 gxh3 26. g3 Bg4 27. f3 Bd7 28. gxf4 Qxf4+ 29. Kh1 Kh8 30. Qh2 Qf6 31. Bxh3 Bb5 32. Bf5 h4 33. Rg1 Rb8 34. Be3 Rg8 35. Ra2 Rxg1+ 36. Qxg1 h3 37. Qg3 Bf1 38. Rh2 Qh4 39. Qxh4+ Bxh4 40. Bxh3 1-0

[Event "December 19 Early 2023"]
[Site "https://www.chess.com"]
[Date "2023.12.19"]
[Round "4"]
[White "Haug, Havard"]
[Black "Sarana, Alexey"]
[Result "1-0"]
[Board "12"]
[TimeControl "180+1"]
[WhiteFideId "1547887"]
[BlackFideId "24133795"]
[WhiteElo "2343"]
[BlackElo "2707"]
[WhiteTeam "NOR"]
[BlackTeam "SRB"]
[WhiteClock "0:00:13"]
[BlackClock "0:00:03"]

1. e4 c5 2. c3 d5 3. exd5 Qxd5 4. Nf3 Nc6 5. d4 Bf5 6. Be3 Nf6 7. dxc5 Qxd1+ 8. Kxd1 e5 9. Bb5 O-O-O+ 10. Ke2 Ng4 11. Bxc6 bxc6 12. b4 Bd3+ 13. Ke1 f5 14. h3 Nxe3 15. fxe3 Be7 16. Kf2 e4 17. Ne5 Bxb1 18. Raxb1 Rd2+ 19. Kg3 Kc7 20. Rhd1 Rhd8 21. Rxd2 Rxd2 22. a4 g6 23. h4 a6 24. Rb3 Bf6 25. Nc4 Rd3 26. b5 axb5 27. axb5 cxb5 28. Rxb5 Rxc3 29. Na5 Rxe3+ 30. Kf4 Rc3 31. Rb7+ Kc8 32. Rxh7 Rxc5 33. Nb7 Rd5 34. h5 g5+ 35. Ke3 Bd4+ 36. Ke2 Bc3 37. h6 f4 38. Re7 Rd2+ 39. Kf1 Rd1+ 40. Ke2 Re1+ 41. Kf2 e3+ 42. Kf3 Rf1+ 43. Ke2 Rf2+ 44. Kd3 Bf6 45. Nd6+ Kd8 46. Re6 Rd2+ 47. Kc4 e2 48. Nf5 Ba1 49. h7 Kd7 50. Re4 Rc2+ 51. Kd3 Rc1 52. Kxe2 Rh1 53. Re7+ Kc6 54. Rf7 Kd5 55. Ra7 Bb2 56. Ne7+ Ke6 57. Ng6 Kf5 58. Ra6 Bf6 59. Nf8 Bg7 60. Ra5+ Kg4 61. Ne6 Bf6 62. Ra7 Kf5 63. Nf8 g4 64. Ra5+ Ke4 65. Ra4+ Kf5 66. Ra5+ Ke4 67. Ra4+ Bd4 68. Ne6 f3+ 69. gxf3+ gxf3+ 70. Kd2 Rh2+ 71. Kd1 Rh1+ 72. Kd2 Rh2+ 73. Kd1 f2 74. Ke2 f1=Q+ 75. Kxf1 Rxh7 76. Ng5+ Kd3 77. Nxh7 Be5 78. Ng5 Ke3 79. Ra3+ Kf4 80. Nf3 Bd6 81. Rb3 Bc5 82. Ke2 Ke4 83. Nd2+ Kd4 84. Rd3+ Ke5 85. Nc4+ Ke6 86. Kf3 Bb4 87. Ke4 Bc5 88. Rh3 Kf6 89. Rh6+ Kg5 90. Rc6 Bb4 91. Ne5 Bd2 92. Rg6+ Kh5 93. Rg2 Bc1 94. Nf3 Kh6 95. Kf5 Kh7 96. Ne5 Kh6 97. Nd7 Ba3 98. Nf6 Be7 99. Rg6# 1-0

[Event "December 19 Early 2023"]
[Site "https://www.chess.com"]
[Date "2023.12.19"]
[Round "4"]
[White "Korobov, Anton"]
[Black "Kezin, Roman"]
[Result "1-0"]
[Board "13"]
[TimeControl "180+1"]
[WhiteFideId "14105730"]
[BlackFideId "24124621"]
[WhiteElo "2649"]
[BlackElo "2492"]
[WhiteTeam "UKR"]
[BlackTeam "RUS"]
[WhiteClock "0:00:52"]
[BlackClock "0:00:03"]

1. d4 d5 2. c4 e6 3. Nc3 c6 4. e3 Nf6 5. Nf3 Nbd7 6. Bd3 dxc4 7. Bxc4 b5 8. Bd3 Bd6 9. Ne4 Nxe4 10. Bxe4 Bb7 11. O-O O-O 12. b3 Nf6 13. Bd3 c5 14. Bxb5 cxd4 15. exd4 Bxf3 16. Qxf3 Bxh2+ 17. Kh1 Qxd4 18. Be3 Qb4 19. Bc6 Rac8 20. Rac1 Bb8 21. g3 Rfd8 22. Kg2 Qg4 23. Rfd1 Qxf3+ 24. Kxf3 h6 25. Bb7 Bc7 26. Rxd8+ 1-0

[Event "December 19 Early 2023"]
[Site "https://www.chess.com"]
[Date "2023.12.19"]
[Round "4"]
[White "Finek, Vaclav"]
[Black "Terry, Renato"]
[Result "1/2-1/2"]
[Board "14"]
[TimeControl "180+1"]
[WhiteFideId "23718293"]
[BlackFideId "3803457"]
[WhiteElo "2309"]
[BlackElo "2578"]
[WhiteTeam "CZE"]
[BlackTeam "PER"]
[WhiteClock "0:00:06"]
[BlackClock "0:00:05"]

1. Nf3 Nf6 2. d4 b6 3. c4 e6 4. g3 Bb7 5. Bg2 g6 6. O-O Bg7 7. Qc2 O-O 8. Nc3 d6 9. e4 Nbd7 10. Be3 h6 11. Rad1 Qe7 12. h3 Rfe8 13. Rfe1 a6 14. d5 e5 15. b4 Nh5 16. a3 Rf8 17. Bc1 Rae8 18. Na4 c5 19. dxc6 Bxc6 20. Nc3 Ndf6 21. Qd3 Rd8 22. a4 Qc7 23. Nd2 Rfe8 24. Nf1 Bf8 25. Ne3 a5 26. bxa5 bxa5 27. Nb5 Qb8 28. Bd2 Qb7 29. Nd5 Nxd5 30. exd5 Bd7 31. Qa3 Bxb5 32. axb5 Ra8 33. Be3 f5 34. Bf1 f4 35. gxf4 Bg7 36. fxe5 Bxe5 37. Qd3 Qf7 38. Qe2 Nf4 39. Qg4 h5 40. Qg5 Kh7 41. c5 dxc5 42. Bxc5 Bg7 43. Re7 Rxe7 44. Qxe7 Qf5 45. Qe3 Rc8 46. Bd6 Nxd5 47. Qd3 Qg5+ 48. Qg3 Qf5 49. Bd3 Qf7 50. Bxg6+ Qxg6 51. Qxg6+ Kxg6 52. Rxd5 Rc1+ 53. Kg2 Rb1 54. Bc7 a4 55. b6 a3 56. Ra5 Bf8 57. Ra7 Bc5 58. Ra6 Kf7 59. f4 Rb3 60. f5 Bd4 61. Ra7 Kf6 62. Ra6 Kxf5 63. Bd6 Bxb6 64. Rxa3 Rb2+ 65. Kf3 Rf2+ 66. Kg3 Rd2 67. Rf3+ Kg6 68. Bf4 Re2 69. Rd3 Bc5 70. Rd2 Re4 71. Rd5 Rc4 72. Rg5+ Kf6 73. Rxh5 Bd4 74. Kf3 Bb2 75. Bg5+ Kg6 76. Rh4 Rc3+ 77. Kg4 Rc4+ 78. Kf3 Rc3+ 79. Kg4 Rc2 80. Bf4 Rg2+ 81. Kf3 Rc2 82. Rh6+ Kf5 83. Rh5+ Kg6 84. Rb5 Bd4 85. h4 Rc4 86. h5+ Kf7 87. Rb7+ Ke6 88. h6 Bf6 89. h7 Kf5 90. Rb5+ Kg6 91. Rb6 Rc8 92. Be3 Kf5 93. Rb5+ Kg6 94. Rb6 Kf5 95. Rb7 Rh8 96. Rf7 Kg6 97. Rxf6+ Kxf6 98. Bd4+ Kg6 99. Bxh8 Kxh7 1/2-1/2

[Event "December 19 Early 2023"]
[Site "https://www.chess.com"]
[Date "2023.12.19"]
[Round "4"]
[White "Demchenko, Anton"]
[Black "Yanchenko, Roman"]
[Result "1/2-1/2"]
[Board "15"]
[TimeControl "180+1"]
[WhiteFideId "4160258"]
[BlackFideId "4137329"]
[WhiteElo "2545"]
[BlackElo "2478"]
[WhiteTeam "SLO"]
[BlackTeam "RUS"]
[WhiteClock "0:00:08"]
[BlackClock "0:00:09"]

1. e4 e6 2. d4 d5 3. Nc3 Bb4 4. e5 Ne7 5. Bd2 b6 6. h4 Ba6 7. Bxa6 Nxa6 8. h5 h6 9. Qe2 Nb8 10. a3 Bxc3 11. Bxc3 c5 12. f4 Nf5 13. Rh3 cxd4 14. Bd2 Nc6 15. Nf3 Qc7 16. g4 Nfe7 17. O-O-O O-O-O 18. Be1 Kb7 19. Bf2 Rc8 20. Bxd4 Na5 21. Bf2 Qc4 22. Qxc4 Rxc4 23. Nd4 Rhc8 24. Kb1 a6 25. f5 Nac6 26. b3 Rc5 27. fxe6 Nxd4 28. Bxd4 Rxc2 29. exf7 Rg2 30. Rf3 Rf8 31. Rf4 Nc6 32. e6 Nxd4 33. Rdxd4 Re2 34. Rde4 dxe4 35. e7 Rc8 36. a4 Rcc2 37. e8=Q Rb2+ 38. Kc1 Rbc2+ 39. Kd1 Rcd2+ 40. Kc1 Rc2+ 41. Kb1 Rb2+ 42. Kc1 Rbc2+ 1/2-1/2

[Event "December 19 Early 2023"]
[Site "https://www.chess.com"]
[Date "2023.12.19"]
[Round "4"]
[White "Garcia Ramos, Daniel"]
[Black "Vokhidov, Shamsiddin"]
[Result "1-0"]
[Board "16"]
[TimeControl "180+1"]
[WhiteFideId "32010311"]
[BlackFideId "14204223"]
[WhiteElo "2363"]
[BlackElo "2588"]
[WhiteTeam "ESP"]
[BlackTeam "UZB"]
[WhiteClock "0:00:20"]
[BlackClock "0:01:17"]

1. e4 c5 2. Nf3 d6 3. d4 cxd4 4. Nxd4 Nf6 5. Nc3 Nc6 6. Bg5 e6 7. Qd3 Bd7 8. Ndb5 Qb8 9. O-O-O Ng4 10. Qg3 Nge5 11. Be3 a6 12. Nd4 b5 13. f4 Nxd4 14. Bxd4 Nc6 15. Bxg7 Rg8 16. Bxf8 Rxg3 17. Bxd6 Qb6 18. hxg3 b4 19. Rxh7 O-O-O 20. Na4 Qe3+ 21. Kb1 Nb8 22. Rxf7 Qxe4 23. Nc5 Qg6 24. Re7 Re8 25. Rxd7 Nxd7 26. Bxa6+ Kd8 27. Nb7+ Kc8 28. Na5+ Kd8 29. Nc6# 1-0